 Dungeon Crawl Stone Soup version 0.31-a0-424-g41b3b0883d (webtiles) character file.

Game seed: 5485814218414795681

18 Morbidden the Stinger (level 2, 0/19 HPs)
             Began as a Formicid Venom Mage on July 29, 2023.
             Slain by Terence
             ... wielding a +1 flail of holy wrath
              (10 damage)
             ... on level 1 of the Dungeon.
             The game lasted 00:01:05 (852 turns).

Morbidden the Stinger (Formicid Venom Mage)          Turns: 852, Time: 00:01:06

Health: 0/19       AC:  2    Str: 12    XL:     2   Next: 85%
Magic:  0/5        EV: 12    Int: 14    God:
Gold:   59         SH:  0    Dex: 14    Spells: 3/6 levels left

rFire   . . .        a - staff of conjuration
rCold   . . .        (no shield)
rNeg    . . .        f - +0 robe
rPois   .            (helmet unavailable)
rElec   .            (no cloak)
rCorr   .            (no gloves)
SInv    +            (no boots)
Will    .....        (no amulet)
Stlth   ++           (no ring)
HPRegen 0.23/turn    (no ring)
MPRegen 0.09/turn

%: no passive effects
@: very slightly contaminated
A: permanent stasis, dig shafts and tunnels, antennae 3, four strong arms
a: Dig, Shaft Self


You were on level 1 of the Dungeon.
You visited 1 branch of the dungeon, and saw 2 of its levels.

You collected 59 gold pieces.

Inventory:

Armour
 f - a +0 robe (worn)
Magical Staves
 a - a staff of conjuration (weapon)
Scrolls
 c - a scroll of teleportation {unknown}
 d - a scroll of vulnerability {unknown}
 e - a scroll of identify {unknown}
Potions
 b - a potion of magic
 g - a potion of curing {unknown}
 h - a potion of degeneration {unknown}


   Skills:
 * Level 0.2 Fighting
 * Level 0.4 Armour
 * Level 1.7 Dodging
 + Level 2.4 Stealth
 * Level 2.7 Spellcasting
 + Level 1.1 Transmutations
 * Level 0.1 Air Magic
 * Level 4.4 Poison Magic


You had 3 spell levels left.
You knew the following spells:

 Your Spells              Type           Power      Damage    Failure   Level
a - Sting                 Tmut/Pois      36%        1d4       7%          1
b - Poisonous Vapours     Pois/Air       16%        N/A       13%         2

Your spell library contained the following spells:

 Spells                   Type           Power      Damage    Failure   Level
 Mephitic Cloud           Conj/Pois/Air  9%         N/A       34%         3
 Olgreb's Toxic Radiance  Pois           14%        N/A       34%         4
 Iskenderun's Battlesphe  Conj           2%         2d6       99%         5
 Leda's Unmaking          Conj/Erth      1%         9d1       100%        6
 Spellforged Servitor     Conj/Summ      1%         N/A       100%        7


Dungeon Overview and Level Annotations

Branches:
Dungeon (2/15)

Altars:

Annotations:
D:1 Terence


Innate Abilities, Weirdness & Mutations

You cannot be hasted, slowed, berserked, paralysed or teleported.
You can dig through walls and to a lower floor.
You have a pair of large antennae on your head. (SInv)
Your four strong arms can wield two-handed weapons with a shield.


Message History

Unknown command.
Casting: Sting (safe; 7% risk of failure)
Confirm with . or Enter, or press ? or * to list all spells.
You don't have enough magic to cast this spell.
A hobgoblin comes into view.
Unknown command.
Unknown command.
The hobgoblin shouts!
Terence looks more healthy.
You climb upwards.
There is a stone staircase leading down here.
Unknown command.
Key pressed, stopping travel.
You climb downwards.
Level annotation: Terence A worm comes into view.
There is a stone staircase leading up here.
There are monsters nearby!
There are monsters nearby!
Unknown command.
Unknown command.
Terence closely misses you.
You climb upwards.
There is a stone staircase leading down here.
Unknown command.
Unknown command.
Casting: Sting (safe; 7% risk of failure)
Confirm with . or Enter, or press ? or * to list all spells.
Aiming: Sting (safe; 7% risk of failure)
Press: ? - help, Shift-Dir - straight line, f - Terence
Aim: Terence, wielding a +1 flail of holy wrath and wearing a +0 scale mail (moderately wounded, 72% to hit)
You miscast Sting.
You are very lightly contaminated with residual magic.
Nothing appears to happen.
Terence hits you with a +1 flail of holy wrath!
You hit Terence but do no damage.
Terence is moderately wounded.
Terence hits you with a +1 flail of holy wrath!
Ouch! That really hurt!
You die...

### #.#####..# #.## #.# ..#
#.##....## #.# #.#
#.######....##### #.# #.#
#......##.......## #.# ########.#
######......###..# #.###.....#...
# ###..##..###.###.##..........
#####...####..##.................
.......##.....)@.................
##........###.##@##..............
......###.# #.##.................
####### #.###....##..............
# #.#.....###..#........... #
#......###..###..........
#########..#...# #.## ##.....#...
...............# #.# ########.#
#.#######..#.#.###.# #.# #..#
#..##.#..##.# ##.#


You could see Terence.

Vanquished Creatures
  A ball python (D:1)
  2 bats
  2 endoplasms (D:1)
  2 goblins (D:1)
  3 hobgoblins (D:1)
  A kobold (D:1)
  4 rats (D:1)
15 creatures vanquished.

Notes
Turn   | Place    | Note
-------+----------+-------------------------------------------
     0 | D:1      | Morbidden the Formicid Venom Mage began the quest for the
                  | Orb.
     0 | D:1      | Reached XP level 1. HP: 13/13 MP: 3/3
   199 | D:1      | Reached XP level 2. HP: 19/19 MP: 2/5
   525 | D:1      | Learned a level 2 spell: Poisonous Vapours
   838 | D:2      | Noticed Terence
   852 | D:1      | Slain by Terence

Illustrated notes

Levels and vault maps discovered:
D:1:      kennysheep_arrival_seaside, layout_rooms
D:2:      layout_basic, serial_shops, shop, ebering_ecumenical_altar_ruins,
          hangedman_glass_teeth, reono_crystal_passage, uniq_terence

Action                     || total
---------------------------++-------
  Melee: Unarmed           ||    14
         Staff             ||     3
   Cast: Sting             ||    27
         Poisonous Vapours ||     2
 Armour: Robe              ||     5
  Dodge: Dodged            ||    17

Table legend: (Time is in decaauts)
 A = Elapsed time spent in this place.
 B = Non-inter-level travel time spent in this place.
 C = Inter-level travel time spent in this place.
 D = Time resting spent in this place.
 E = Time spent auto-exploring this place.
 F = Levels seen in this place.
 G = Mean time per level.
                   A        B        C        D        E       F      G
               +--------+--------+--------+--------+--------+-----+--------+
         Total |    856 |    798 |     58 |      0 |    671 |   2 |  428.0 |
       Dungeon |    856 |    798 |     58 |      0 |    671 |   2 |  428.0 |
               +--------+--------+--------+--------+--------+-----+--------+

Top non-repeatable levels by time:
     D:1: 845 daAuts
     D:2: 10 daAuts
